 Dungeon Crawl Stone Soup version 0.30.1 (webtiles) character file.

Game seed: 7364406621825155088

3013 Heoruswealwe the Thaumaturge (level 9, -3/45 HPs)
             Began as a Deep Elf Conjurer on July 6, 2023.
             Was a Believer of Vehumet.
             Slain by an orc warrior
             ... wielding a +0 glaive
              (8 damage)
             ... on level 8 of the Dungeon.
             The game lasted 01:15:27 (5377 turns).

Heoruswealwe the Thaumaturge (Deep Elf Conjurer)    Turns: 5377, Time: 01:15:28

Health: -3/45      AC:  9    Str:  4    XL:     9   Next: 55%
Magic:  8/27       EV: 12    Int: 28    God:    Vehumet [**....]
Gold:   325        SH:  0    Dex: 13    Spells: 8/33 levels left

rFire   . . .        b - +2 long sword (heavy)
rCold   . . .        (no shield)
rNeg    . . .        c - +0 robe
rPois   .            g - +0 helmet
rElec   .            (no cloak)
rCorr   .            f - +0 pair of gloves
SInv    .            (no boots)
Will    .....        i - amulet of magic regeneration
Stlth   +            k - +4 ring of protection
HPRegen 1.07/turn    (no ring)
MPRegen 0.60/turn

%: no passive effects
@: confused
A: regeneration 1, shaggy fur 1, MP-powered wands
a: Renounce Religion


You were on level 8 of the Dungeon.
You worshipped Vehumet.
Vehumet was pleased with you.
You visited 2 branches of the dungeon, and saw 9 of its levels.

You collected 325 gold pieces.

Inventory:

Hand Weapons
 b - a +2 heavy long sword (weapon)
Armour
 c - a +0 robe (worn)
 f - a +0 pair of gloves (worn)
 g - a +0 helmet (worn)
Magical Staves
 r - a staff of poison
Jewellery
 i - an amulet of magic regeneration (around neck)
 k - a +4 ring of protection (left hand)
Wands
 F - a wand of roots (13)
Scrolls
 e - 3 scrolls of teleportation {unknown}
 j - 2 scrolls of blinking {unknown}
 p - a scroll of fear {unknown}
 q - 2 scrolls of amnesia {unknown}
 t - a scroll of vulnerability {unknown}
 v - a scroll of identify {unknown}
 x - a scroll of enchant weapon {unknown}
 z - a scroll of enchant armour {unknown}
 A - 3 scrolls of immolation {unknown}
 B - a scroll of magic mapping {unknown}
 E - a scroll of brand weapon {unknown}
 G - a scroll of butterflies {unknown}
 H - 2 scrolls of poison {unknown}
Potions
 d - a potion of flight {unknown}
 h - 3 potions of attraction {unknown}
 l - 2 potions of cancellation {unknown}
 m - 2 potions of mutation
 n - a potion of experience {unknown}
 o - a potion of degeneration {unknown}
 s - a potion of curing {unknown}
 u - a potion of magic
 w - a potion of haste {unknown}
 y - a potion of berserk rage {unknown}
 C - a potion of lignification {unknown}
 D - 2 potions of ambrosia {unknown}


   Skills:
 - Level 2.4 Dodging
 - Level 2.4 Stealth
 + Level 12.5 Spellcasting
 + Level 11.2 Conjurations


You had 8 spell levels left.
You knew the following spells:

 Your Spells              Type           Power      Damage    Failure   Level
a - Magic Dart            Conj           100%       1d8       1%          1
b - Kiss of Death         Conj/Necr      100%       2d13      1%          1
c - Searing Ray           Conj           100%       2d8       1%          2
d - Stone Arrow           Conj/Erth      98%        3d13      1%          3
e - Dazzling Flash        Conj/Hex       98%        N/A       1%          3
f - Fulminant Prism       Conj/Hex       24%        3d12      3%          4
g - Iskenderun's Mystic   Conj/Tloc      49%        2d11      3%          4
h - Freezing Cloud        Conj/Ice/Air   19%        6-21      19%         5
z - Passwall              Tmut/Erth      14%        N/A       4%          2

Your spell library contained the following spells:

 Spells                   Type           Power      Damage    Failure   Level
 Beastly Appendage        Tmut           34%        N/A       3%          1
 Sandblast                Erth           34%        2d9       3%          1
 Blink                    Tloc           34%        N/A       4%          2
 Call Imp                 Summ           34%        N/A       4%          2
 Cigotuvi's Dreadful Rot  Necr/Pois/Air  34%        N/A       4%          2
 Lesser Beckoning         Tloc           34%        N/A       4%          2
 Sublimation of Blood     Necr           17%        N/A       4%          2
 Wereblood                Tmut           17%        N/A       4%          2
 Gell's Gravitas          Tloc           17%        N/A       10%         3
 Ignite Poison            Fire/Tmut/Pois 17%        N/A       10%         3
 Ozocubu's Armour         Ice            17%        N/A       10%         3
 Spider Form              Tmut/Pois      17%        N/A       10%         3
 Teleport Other           Tloc           17%        N/A       10%         3
 Manifold Assault         Tloc           17%        N/A       30%         4
 Blade Hands              Tmut           8%         N/A       65%         5
 Metabolic Englaciation   Hex/Ice        8%         N/A       65%         5
 Simulacrum               Ice/Necr       8%         N/A       99%         6
 Statue Form              Tmut/Erth      11%        N/A       99%         6
 Storm Form               Tmut/Air       8%         N/A       100%        7
 Summon Hydra             Summ           8%         N/A       100%        7


Dungeon Overview and Level Annotations

Branches:
Dungeon (8/15)             Temple (1/1) D:7
   Lair: D:8-11

Altars:
Ashenzari
Cheibriados
Dithmenos
Elyvilon
Fedhas
Gozag
Hepliaklqana
Kikubaaqudgha
Makhleb
Nemelex Xobeh
Okawaru
Qazlal
Ru
Sif Muna
Trog
Uskayaw
Vehumet
Wu Jian
Xom
Yredelemnul
Zin
The Shining One

Shops:
D:5 (

Annotations:
D:8 Joseph


Innate Abilities, Weirdness & Mutations

Your natural rate of healing is unusually fast.
You are covered in fur. (AC +1)
You expend magic power (3 MP) to strengthen your wands.


Message History

Joseph hits you with a +2 quarterstaff of holy wrath!
The orc warrior closely misses you. Something hits you.
You feel much better.
Joseph hits you with a +2 quarterstaff of holy wrath!
The orc warrior closely misses you. Something hits you but does no damage.
Casting: Stone Arrow (safe; 1% risk of failure)
Confirm with . or Enter, or press ? or * to list all spells.
Aiming: Stone Arrow (safe; 1% risk of failure)
Press: ? - help, Shift-Dir - straight line, f/p - Joseph
Aim: Joseph, wielding a +2 quarterstaff of holy wrath and wearing a +0 ring mail (lightly wounded, 79% to hit)
The stone arrow hits Joseph!
Joseph is moderately wounded.
Joseph says, "I'm happy to see you. And I'll be happy to kill you."
Joseph closely misses you. The orc warrior barely misses you.
Something hits you but does no damage.
Casting: Stone Arrow (safe; 1% risk of failure)
Confirm with . or Enter, or press ? or * to list all spells.
Aiming: Stone Arrow (safe; 1% risk of failure)
Press: ? - help, Shift-Dir - straight line, f/p - Joseph
Aim: Joseph, wielding a +2 quarterstaff of holy wrath and wearing a +0 ring mail (moderately wounded, 79% to hit)
The stone arrow hits Joseph!!
Joseph is heavily wounded.
Joseph hits you with a +2 quarterstaff of holy wrath.
The orc warrior hits you from afar with a +0 glaive!
You hear some strange, mumbled words.
You are confused.
Joseph misses you.
The orc warrior hits you from afar with a +0 glaive.
Things that are here:
a +0 dagger; a +0 robe Joseph attacks as you move away!
Joseph barely misses you.
Joseph unwields a +2 quarterstaff of holy wrath.
It stops glowing.
Joseph wields a +0 sling.
Joseph shoots a sling bullet.
The sling bullet hits you.
* * * LOW HITPOINT WARNING * * *
Joseph smiles happily.
Joseph shoots a sling bullet.
The sling bullet hits you!
* * * LOW HITPOINT WARNING * * *
The orc warrior hits you with a +0 glaive!
You die...

.... ### ....#
##.# .....###..#
..........# .
..........## ..
...........# ...
..........###....
........)@.....#
!#....)@o......#.
#...............
.......)........>
.................
.................
.............$...
.................
.................


You could see Joseph and an orc warrior.

Vanquished Creatures
  Maurice (D:8)
  A gargoyle (D:6)
  2 wyverns
  Edmund (D:5)
  2 water moccasins (D:7)
  An ice beast (D:6)
  3 sky beasts (D:7)
  An ogre (D:6)
  2 bullfrogs (D:7)
  3 kobold brigands
  3 scorpions
  5 wights (D:7)
  A hound (D:4)
  A jelly (D:6)
  An orc priest (D:5)
  4 iguanas
  3 sleepcaps
  4 orc wizards
  7 adders
  3 white imps
  2 ufetubi (D:6)
  5 dart slugs
  12 orcs
  3 bats
  5 endoplasms
  5 giant cockroaches
  14 goblins
  11 hobgoblins
  7 quokkas
  3 ball pythons (D:1)
  A frilled lizard (D:1)
  20 kobolds
  8 rats
  A spectral kobold (D:1)
146 creatures vanquished.

Vanquished Creatures (others)
  2 hounds (D:4)
  An orc (D:4)
  3 fulminant prisms (D:6)
6 creatures vanquished.

Grand Total: 152 creatures vanquished

Notes
Turn   | Place    | Note
-------+----------+-------------------------------------------
     0 | D:1      | Heoruswealwe the Deep Elf Conjurer began the quest for the
                  | Orb.
     0 | D:1      | Reached XP level 1. HP: 10/10 MP: 6/6
   125 | D:1      | Reached XP level 2. HP: 15/15 MP: 3/8
   128 | D:1      | Learned a level 2 spell: Searing Ray
   218 | D:1      | Found a faded altar of an unknown god.
   323 | D:1      | Reached skill level 4 in Spellcasting
   369 | D:1      | You fall into a shaft and drop 1 floor!
   479 | D:1      | Reached XP level 3. HP: 19/19 MP: 2/10
   492 | D:1      | Reached skill level 5 in Conjurations
   637 | D:1      | Learned a level 3 spell: Dazzling Flash
   641 | D:1      | Learned a level 3 spell: Stone Arrow
  1116 | D:2      | Reached XP level 4. HP: 9/24 MP: 9/12
  1117 | D:2      | Gained mutation: You are covered in fur. (AC +1) [potion of
                  | mutation]
  1117 | D:2      | Gained mutation: Your natural rate of healing is unusually
                  | fast. [potion of mutation]
  1117 | D:2      | Gained mutation: You expend magic power (3 MP) to
                  | strengthen your wands. [potion of mutation]
  1218 | D:2      | Found a hide-covered altar of Uskayaw.
  1350 | D:2      | Got the Vademecum on Summoning and Flesh
  1454 | D:2      | Learned a level 2 spell: Passwall
  1524 | D:3      | Reached skill level 5 in Spellcasting
  1543 | D:3      | Found a radiant altar of Vehumet.
  1553 | D:3      | Became a worshipper of Vehumet
  2054 | D:3      | Found a blossoming altar of Fedhas.
  2500 | D:3      | Found a broken altar of Ashenzari.
  2645 | D:4      | Reached XP level 5. HP: 28/28 MP: 12/14
  2781 | D:4      | Reached * piety under Vehumet
  2781 | D:4      | Offered knowledge of Freeze by Vehumet.
  2782 | D:4      | Found a shimmering altar of Xom.
  2935 | D:4      | Reached skill level 6 in Spellcasting
  3011 | D:4      | Reached XP level 6. HP: 29/32 MP: 14/17
  3246 | D:5      | Entered Level 5 of the Dungeon
  3341 | D:5      | Reached skill level 7 in Spellcasting
  3527 | D:5      | Found Gagosohi's Antique Weapon Boutique.
  3673 | D:5      | Noticed Edmund
  3687 | D:5      | Killed Edmund
  3688 | D:5      | Reached XP level 7. HP: 29/36 MP: 11/20
  4316 | D:6      | Reached skill level 8 in Spellcasting
  4408 | D:6      | Reached ** piety under Vehumet
  4408 | D:6      | Offered knowledge of Kiss of Death by Vehumet.
  4436 | D:6      | Learned a level 1 spell: Kiss of Death
  4441 | D:6      | Learned a level 4 spell: Fulminant Prism
  4446 | D:6      | Learned a level 4 spell: Iskenderun's Mystic Blast
  4526 | D:6      | Noticed a gargoyle
  4539 | D:6      | Killed a gargoyle
  4540 | D:6      | Reached skill level 9 in Spellcasting
  4540 | D:6      | Reached XP level 8. HP: 41/41 MP: 4/23
  4721 | D:7      | Reached skill level 10 in Spellcasting
  4778 | D:6      | Learned a level 5 spell: Freezing Cloud
  4959 | D:7      | Found a staircase to the Ecumenical Temple.
  4986 | Temple   | Entered the Ecumenical Temple
  5122 | D:7      | Reached skill level 11 in Spellcasting
  5122 | D:7      | Reached skill level 10 in Conjurations
  5136 | D:7      | Reached XP level 9. HP: 32/45 MP: 10/26
  5344 | D:8      | Noticed Joseph
  5344 | D:8      | Noticed Maurice
  5351 | D:8      | Killed Maurice
  5352 | D:8      | Reached skill level 12 in Spellcasting
  5377 | D:8      | Slain by an orc warrior

Illustrated notes

Levels and vault maps discovered:
D:1:      grunt_arrival_crossed_arrows, layout_basic,
          dreamdust_ecumenical_altar_drowned_temple
D:2:      layout_loops_ring, basic_altar
D:3:      layout_basic, lemuel_doored_altar, mainiacjoe_overflow_catch_the_wave
D:4:      layout_basic, xom_confusion_cloud
D:5:      layout_basic, serial_shops, nicolae_shop_tiny_real_fake_doors,
          uniq_edmund
D:6:      layout_cave_pools
D:7:      layout_rooms, minmay_temple_entry_glassed_door
D:8:      layout_cave_pools, eino_jars, uniq_joseph, uniq_maurice
Temple:   mainiacjoe_temple_coin_purse

Skill      XL: |  1  2  3  4  5  6  7  8  9 |
---------------+----------------------------+-----
Spellcasting   | 4 5 6 7 9 11 12 | 12.5
Conjurations   | 5 6 7 8 10 11 | 11.2
Dodging        | |  2.4
Stealth        | |  2.4

Action                     |  1- 3 |  4- 6 |  7- 9 || total
---------------------------+-------+-------+-------++-------
  Melee: Long sword        |       |       |     1 ||     1
   Cast: Magic Dart        |    79 |   109 |    57 ||   245
         Searing Ray       |     1 |     3 |     3 ||     7
         Stone Arrow       |       |    15 |    61 ||    76
         Fulminant Prism   |       |       |     3 ||     3
    Use: Potion            |       |     2 |     3 ||     5
 Armour: Robe              |     3 |       |    11 ||    14
  Dodge: Dodged            |    22 |    12 |    24 ||    58
